[Event "Titled Tuesday Blitz July 05 Late 2022"]
[White "Sanal, Vahap"]
[Black "Xiong, Jeffery"]
[WhiteFideId "6300545"]
[BlackFideId "2047640"]
[WhiteElo "2574"]
[BlackElo "2714"]
[Result "1-0"]
[Round "05"]
[TimeControl "180+1"]
[Date "2022.07.05"]
[WhiteClock "0:00:21"]
[BlackClock "0:00:01"]

1. d4 Nf6 2. Nf3 d5 3. c4 dxc4 4. e3 e6 5. Bxc4 c5 6. O-O Nc6 7. Nc3 a6 8. Be2 cxd4 9. exd4 Be7 10. Bg5 O-O 11. Rc1 h6 12. Bh4 Bd7 13. Ne5 Rc8 14. Bxf6 Bxf6 15. Nxd7 Qxd7 16. d5 Nd4 17. Bg4 Qd6 18. dxe6 fxe6 19. g3 Rcd8 20. Qd3 Qb6 21. Qb1 Kh8 22. Rce1 Qa5 23. Qg6 Bg5 24. Ne4 Be7 25. a3 Qb5 26. Rc1 Qxb2 27. Rc7 Qxa3 28. Rxb7 Rb8 29. Rxb8 Rxb8 30. Bxe6 Qf3 31. h4 Rb6 32. Qe8+ Qf8 33. Qxf8+ Bxf8 34. Bd5 a5 35. Kg2 a4 36. Rc1 Rb5 37. Bf7 Rf5 38. Ba2 a3 39. Rc8 g6 40. Nd6 Rf6 41. Ne4 Rf5 42. Rd8 Nc6 43. Ra8 Ne5 44. Nd6 Rf6 45. Ne4 Rf5 46. f4 Ng4 47. Be6 Ne3+ 48. Kf3 1-0


[Site "https://www.chess.com"]

[Event "Titled Tuesday Blitz July 05 Late 2022"]
[White "Sargsyan, Anna M."]
[Black "Dardha, Daniel"]
[WhiteFideId "13308130"]
[BlackFideId "240990"]
[WhiteElo "2271"]
[BlackElo "2482"]
[Result "1/2-1/2"]
[Round "05"]
[TimeControl "180+1"]
[Date "2022.07.05"]
[WhiteClock "0:00:04"]
[BlackClock "0:00:03"]

1. d4 Nf6 2. c4 e6 3. Nf3 d5 4. Nc3 dxc4 5. e4 b5 6. e5 Nd5 7. Nxb5 Nb6 8. Be3 Be7 9. Nc3 O-O 10. Be2 Nc6 11. O-O Ba6 12. Rc1 Nb4 13. a3 Nd3 14. Rb1 c5 15. Bxd3 cxd3 16. dxc5 Nd5 17. Qa4 Nxe3 18. fxe3 Qc8 19. c6 Bc5 20. Nd4 Rd8 21. Ne4 Be7 22. b4 Bc4 23. b5 Bd5 24. Nc3 Qc7 25. e4 Ba2 26. Rbd1 a6 27. bxa6 Bc5 28. Rxd3 Bb3 29. Qxb3 Rxd4 30. Rxd4 Bxd4+ 31. Kh1 Qxc6 32. Nb5 Bxe5 33. a7 Qa6 34. Rd1 h6 35. a4 Rxa7 36. Nxa7 Qxa7 37. Qb5 Bf4 38. h3 Qf2 39. Qe8+ Kh7 40. Qxf7 Qg3 41. Kg1 Be3+ 42. Kh1 Bf4 43. Kg1 Qh2+ 44. Kf2 Qg3+ 45. Kg1 1/2-1/2


[Site "https://www.chess.com"]

[Event "Titled Tuesday Blitz July 05 Late 2022"]
[White "Shimanov, Aleksandr"]
[Black "Kozionov, Kirill"]
[WhiteFideId "4198603"]
[BlackFideId "24101729"]
[WhiteElo "2605"]
[BlackElo "2426"]
[Result "1-0"]
[Round "05"]
[TimeControl "180+1"]
[Date "2022.07.05"]
[WhiteClock "0:00:29"]
[BlackClock "0:00:01"]

1. e4 c5 2. Nf3 d6 3. d4 cxd4 4. Qxd4 Nf6 5. Bg5 e6 6. Nc3 Be7 7. O-O-O Nc6 8. Bb5 Bd7 9. Qd3 a6 10. Bxc6 Bxc6 11. Nd4 Rc8 12. f4 O-O 13. Qg3 Qa5 14. e5 dxe5 15. fxe5 Nd5 16. Bh6 g6 17. Nxc6 bxc6 18. Bxf8 Bxf8 19. Nxd5 cxd5 20. Kb1 Rb8 21. Rd3 Qa4 22. Rb3 Rd8 23. Rf1 Qd7 24. Qf4 Rc8 25. Rbf3 Rc7 26. Rb3 a5 27. Rb8 Qc6 28. c3 Qa6 29. a4 Qd3+ 30. Ka2 Qc4+ 31. Qxc4 dxc4 32. Ra8 1-0


[Site "https://www.chess.com"]

[Event "Titled Tuesday Blitz July 05 Late 2022"]
[White "Shuvalova, Polina"]
[Black "Vakhlamov, Igor L."]
[WhiteFideId "24171760"]
[BlackFideId "24126748"]
[WhiteElo "2330"]
[BlackElo "2401"]
[Result "0-1"]
[Round "05"]
[TimeControl "180+1"]
[Date "2022.07.05"]
[WhiteClock "0:01:55"]
[BlackClock "0:01:13"]

1. e4 c5 2. Nf3 Nc6 3. g3 Nf6 4. d3 d5 5. exd5 Nxd5 6. Bg2 g6 7. O-O Bg7 8. Re1 O-O 9. Qe2 b6 10. Nbd2 Bb7 11. Ne4 Rc8 12. c3 Re8 13. h4 Nf6 14. Bg5 Nxe4 15. dxe4 Qc7 16. Rad1 Rcd8 17. h5 Rxd1 18. Rxd1 Rd8 19. h6 Bf8 20. Bf4 Qc8 21. e5 Ba6 22. c4 Rxd1+ 23. Qxd1 Bxc4 24. b3 Be6 25. Ng5 Bd7 26. Qd5 Nd8 27. Kh2 Bxh6 28. e6 Nxe6 29. Nxf7 Bxf4 30. gxf4 Kxf7 31. Bh3 Qc6 32. Qd2 Qd6 0-1


[Site "https://www.chess.com"]

[Event "Titled Tuesday Blitz July 05 Late 2022"]
[White "Silva, Kaua Marques"]
[Black "Noboa Silva, Kevin"]
[WhiteFideId "22701168"]
[BlackFideId "3618471"]
[WhiteElo "2071"]
[BlackElo "2172"]
[Result "0-1"]
[Round "05"]
[TimeControl "180+1"]
[Date "2022.07.06"]
[WhiteClock "0:00:02"]
[BlackClock "0:00:51"]

1. e4 e6 2. d4 d5 3. e5 c5 4. c3 Bd7 5. Nf3 Qb6 6. a3 a5 7. Nbd2 a4 8. Rb1 cxd4 9. Nxd4 Nc6 10. N2f3 Nge7 11. Bd3 Nxd4 12. cxd4 Nc6 13. Bc2 Be7 14. O-O O-O 15. Bg5 h6 16. Bxe7 Nxe7 17. Qd3 g6 18. Rfc1 Rfc8 19. h4 Bb5 20. Qd2 Kg7 21. Qf4 Ng8 22. h5 Rf8 23. Qg4 Ne7 24. Nh4 g5 25. Nf3 Be2 26. Bd1 Bxf3 27. Bxf3 Nf5 28. Bxd5 Rad8 29. Be4 Rxd4 30. Qe2 Ng3 31. fxg3 Rd2+ 32. Kf1 Rxe2 33. Kxe2 Rd8 34. g4 Qb5+ 35. Kf2 Qxe5 36. Bf3 Rd2+ 37. Kg1 Rxb2 38. Ra1 Qd4+ 39. Kh1 Rb3 40. Ra2 Qf4 41. Rf1 f5 42. Raf2 fxg4 43. Bxb7 Rxb7 44. Rxf4 gxf4 45. Rxf4 Ra7 46. Rxg4+ Kf7 47. Rf4+ Ke7 48. Rg4 Kd6 49. Kh2 Ra5 50. Kg3 Kc6 51. Kf3 Rf5+ 52. Ke4 Kb5 53. Rg6 Rxh5 54. Rxe6 Kc4 55. Ra6 Kb3 56. g4 Rh4 57. Kf3 Kxa3 58. Kg3 Rh1 59. Kg2 Rb1 60. Rxh6 Rb4 61. Kf3 Kb2 62. Rh2+ Kc3 63. Ra2 Kb3 64. Ra1 Kb2 65. Rd1 a3 66. g5 a2 67. g6 a1=Q 68. Rxa1 Kxa1 69. g7 Rb8 0-1


[Site "https://www.chess.com"]

[Event "Titled Tuesday Blitz July 05 Late 2022"]
[White "Sjugirov, Sanan"]
[Black "Oparin, Grigoriy"]
[WhiteFideId "4189302"]
[BlackFideId "24125890"]
[WhiteElo "2609"]
[BlackElo "2639"]
[Result "0-1"]
[Round "05"]
[TimeControl "180+1"]
[Date "2022.07.05"]
[WhiteClock "0:00:07"]
[BlackClock "0:00:12"]

1. e4 e5 2. Nf3 Nc6 3. Bb5 Nf6 4. d3 d6 5. O-O a6 6. Bxc6+ bxc6 7. Re1 Nd7 8. d4 a5 9. c4 Be7 10. Nc3 O-O 11. dxe5 dxe5 12. Be3 Bb4 13. Qc2 Qe7 14. Red1 Re8 15. Na4 Nc5 16. a3 Nxa4 17. axb4 Nb6 18. bxa5 Nd7 19. Qc3 Ba6 20. b4 f6 21. Nd2 Qf7 22. Rdc1 Nf8 23. Nb3 Ne6 24. Rab1 Red8 25. Nd2 Rab8 26. Nf1 h5 27. h4 Qg6 28. f3 Kh7 29. Rd1 Qe8 30. Ng3 g6 31. Ne2 Rxd1+ 32. Rxd1 Qe7 33. Rb1 Qf7 34. Ng3 Qd7 35. Nf1 Rd8 36. Qb3 Rb8 37. Qc3 Rd8 38. Qb3 Rb8 39. Kh2 Qe7 40. Qc3 Qd7 41. Ng3 Rd8 42. Qb3 Rb8 43. Ba7 Rb7 44. Bf2 Rb8 45. Be3 Qe7 46. Kg1 Qd7 47. Rd1 Qe7 48. Rb1 Qd7 49. Qc3 Qe7 50. b5 cxb5 51. cxb5 Rxb5 52. Rxb5 Bxb5 53. Qb3 c6 54. Qa2 Nc7 55. Kh2 Na6 56. Qd2 c5 57. f4 exf4 58. Bxf4 c4 59. Qd5 Qd7 60. Qa8 c3 61. e5 Qc6 62. Qf8 Qe8 63. Qxf6 Bc6 64. e6 Nc5 65. Be5 Nxe6 66. Nf5 gxf5 67. Qxf5+ Qg6 68. Qxg6+ Kxg6 69. Bxc3 Bb5 70. Kg3 Kf5 71. Kf3 Bc6+ 72. Kf2 Nf4 73. g3 Nd3+ 74. Ke3 Nc5 75. Kd4 Ne6+ 76. Ke3 Bb7 77. Be1 Kg4 78. Kd3 Ng7 79. Kd4 Nf5+ 80. Kc5 Nxg3 81. Kb6 Bf3 82. a6 Nf5 83. Kc7 Nxh4 84. a7 Nf5 85. Kb8 Ng3 86. Bf2 h4 87. Bg1 Nf1 88. Bc5 h3 89. Bg1 Kg3 90. Bc5 Kg2 91. Bd6 Ng3 92. Be5 h2 93. Bxg3 Kxg3 94. a8=Q Bxa8 0-1


[Site "https://www.chess.com"]

[Event "Titled Tuesday Blitz July 05 Late 2022"]
[White "So, Wesley"]
[Black "Huber, Benedikt"]
[WhiteFideId "5202213"]
[BlackFideId "12923583"]
[WhiteElo "2763"]
[BlackElo "1979"]
[Result "1-0"]
[Round "05"]
[TimeControl "180+1"]
[Date "2022.07.05"]
[WhiteClock "0:00:38"]
[BlackClock "0:00:05"]

1. d4 Nf6 2. c4 e6 3. Nc3 Bb4 4. e3 d5 5. a3 Bxc3+ 6. bxc3 c6 7. cxd5 cxd5 8. c4 b6 9. cxd5 exd5 10. Bb5+ Nbd7 11. a4 O-O 12. Ba3 Re8 13. Bc6 Ba6 14. Bxa8 Qxa8 15. Ne2 Qb8 16. h3 Bc4 17. O-O a6 18. Re1 b5 19. axb5 axb5 20. Bb4 Ne4 21. f3 Nd6 22. Ng3 Nf6 23. Ra6 Nde4 24. Nf5 Ng5 25. Qd2 Qc8 26. Rxf6 gxf6 27. Nd6 Qb8 28. Nxe8 Qxe8 29. Qf2 Qa8 30. Qg3 Qa4 31. Qd6 Qc2 32. Qf8# 1-0


[Site "https://www.chess.com"]

[Event "Titled Tuesday Blitz July 05 Late 2022"]
[White "Souleidis, Georgios"]
[Black "Deac, Bogdan-Daniel"]
[WhiteFideId "4206827"]
[BlackFideId "1226380"]
[WhiteElo "2401"]
[BlackElo "2648"]
[Result "0-1"]
[Round "05"]
[TimeControl "180+1"]
[Date "2022.07.05"]
[WhiteClock "0:00:01"]
[BlackClock "0:00:15"]

1. e4 c6 2. d4 d5 3. e5 Bf5 4. h4 h5 5. Bd3 Bxd3 6. Qxd3 e6 7. Bg5 Be7 8. Nf3 Nh6 9. Bxh6 Rxh6 10. Nc3 c5 11. dxc5 Bxc5 12. Nb5 Nc6 13. c3 Qb6 14. O-O O-O-O 15. b4 Be7 16. a4 Kb8 17. Nbd4 Nxd4 18. Nxd4 Qc7 19. Rfe1 Rc8 20. Nb5 Qc6 21. Qe3 b6 22. g3 Rg6 23. Kh2 Qc4 24. f4 Rg4 25. Rac1 Bxh4 26. gxh4 Rxh4+ 27. Kg3 g5 28. Qd4 Qa2 29. Rg1 Qh2+ 30. Kf3 Rh3+ 0-1


[Site "https://www.chess.com"]

[Event "Titled Tuesday Blitz July 05 Late 2022"]
[White "Svane, Rasmus"]
[Black "Iliaguev, Nisim"]
[WhiteFideId "4657101"]
[BlackFideId "2817276"]
[WhiteElo "2674"]
[BlackElo "2107"]
[Result "0-1"]
[Round "05"]
[TimeControl "180+1"]
[Date "2022.07.05"]
[WhiteClock "0:00:16"]
[BlackClock "0:00:27"]

1. Nf3 Nf6 2. g3 c5 3. Bg2 g6 4. c4 Bg7 5. Nc3 O-O 6. d4 cxd4 7. Nxd4 Nc6 8. O-O d6 9. Nc2 Be6 10. b3 Rc8 11. Bb2 Qd7 12. Qd2 Bh3 13. Ne3 Bxg2 14. Kxg2 a6 15. Rfd1 Ne5 16. a4 h5 17. Ncd5 Nxd5 18. Nxd5 e6 19. Ne3 Rfd8 20. Rac1 h4 21. f4 Qc6+ 22. Kf2 hxg3+ 23. hxg3 Nd7 24. Bxg7 Kxg7 25. Qxd6 Qxd6 26. Rxd6 Nc5 27. Rb6 Rd2 28. Kf3 Rb2 29. b4 Nxa4 30. Rxb7 Nc5 31. Rb6 Nd7 32. Rxa6 Rxb4 33. Ra7 Nf6 34. Rd1 Rb3 35. Rd3 Rb6 36. g4 g5 37. fxg5 Nh7 38. Kf4 Rc5 39. Rd8 Nxg5 40. Raa8 Kf6 41. Rdc8 Re5 42. Re8 Re4+ 43. Kg3 Rxe3+ 44. Kf2 Re4 45. c5 Rb2 46. c6 Rexe2+ 47. Kf1 Rf2+ 48. Ke1 Nf3+ 49. Kd1 Rf1# 0-1


[Site "https://www.chess.com"]

[Event "Titled Tuesday Blitz July 05 Late 2022"]
[White "Swiercz, Dariusz"]
[Black "Fedoseev, Vladimir"]
[WhiteFideId "1126881"]
[BlackFideId "24130737"]
[WhiteElo "2627"]
[BlackElo "2726"]
[Result "1-0"]
[Round "05"]
[TimeControl "180+1"]
[Date "2022.07.05"]
[WhiteClock "0:00:05"]
[BlackClock "0:00:06"]

1. d4 Nf6 2. c4 e6 3. Nf3 d5 4. Nc3 Bb4 5. e3 O-O 6. Bd2 b6 7. cxd5 exd5 8. Bd3 c5 9. h3 Nc6 10. a3 Bxc3 11. Bxc3 Ne4 12. Rc1 Re8 13. O-O c4 14. Bxe4 Rxe4 15. Ne5 Ne7 16. Qd2 f6 17. f3 Rh4 18. Ng4 Bxg4 19. hxg4 Qc7 20. Kf2 f5 21. g5 Rh5 22. f4 Nc8 23. Qe2 g6 24. Qf3 Qf7 25. Bb4 a5 26. Rxc4 axb4 27. Rc6 bxa3 28. bxa3 Ne7 29. Rf6 Qe8 30. Rc1 Rc8 31. Qd1 b5 32. Rc5 h6 33. Re6 Kf7 34. Rf6+ Kg7 35. Re6 hxg5 36. Rxc8 Qxc8 37. Rxe7+ Kf6 38. Re5 Qc4 39. Qe2 gxf4 40. exf4 Qxd4+ 41. Kg3 Qc3+ 42. Re3 Qc6 43. Qb2+ Kf7 44. Qe5 Qd7 45. Rc3 1-0


[Site "https://www.chess.com"]

[Event "Titled Tuesday Blitz July 05 Late 2022"]
[White "Taboas Rodriguez, Daniel"]
[Black "Rostovtsev, Dmitry"]
[WhiteFideId "2208466"]
[BlackFideId "34278320"]
[WhiteElo "2429"]
[BlackElo "2232"]
[Result "1/2-1/2"]
[Round "05"]
[TimeControl "180+1"]
[Date "2022.07.06"]
[WhiteClock "0:00:13"]
[BlackClock "0:00:01"]

1. d4 Nf6 2. Nf3 g6 3. c4 Bg7 4. Nc3 d5 5. cxd5 Nxd5 6. e4 Nxc3 7. bxc3 c5 8. Be3 O-O 9. Be2 Qa5 10. O-O Rd8 11. Qb3 b6 12. Rad1 Nc6 13. Bc4 Rf8 14. Qb5 Bb7 15. dxc5 Bxc3 16. Rd7 Nd8 17. cxb6 axb6 18. Bxb6 Qxb5 19. Bxb5 Bxe4 20. a4 Bf6 21. Rfd1 Nc6 22. Rc7 Na5 23. Re1 Bf5 24. Bc5 Be6 25. Bxe7 Bxe7 26. Rxe7 Nc4 27. R7xe6 fxe6 28. Bxc4 Rxa4 29. Bxe6+ Kg7 30. h4 Re8 31. Bb3 Rxe1+ 32. Nxe1 Rxh4 33. g3 Rb4 34. Bc2 h6 35. Kg2 Rc4 36. Bd3 Rd4 37. Be2 g5 38. Nd3 Re4 39. Bf3 Re7 40. Nc5 Kf6 41. Ne4+ Ke5 42. Nd2 Rf7 43. Bg4 Kf6 44. Ne4+ Kg7 45. Bh5 Re7 46. Kf3 Re5 47. g4 Ra5 48. Ng3 Ra4 49. Nf5+ Kh7 50. Ke3 Ra3+ 51. Ke4 Ra2 52. f3 Ra4+ 53. Ke5 Ra3 54. Nd4 Kg7 55. Ke4 Ra4 56. Be8 Rb4 57. Bc6 Rc4 58. Bd5 Rb4 59. Ke5 Ra4 60. Nf5+ Kg6 61. Be4 Ra5+ 62. Ke6 h5 63. Ng3+ Kh6 64. gxh5 Ra6+ 65. Ke5 Ra5+ 66. Kd4 Ra4+ 67. Ke3 Ra3+ 68. Kf2 Ra2+ 69. Kg1 Kg7 70. Bg6 Kf6 71. Be4 Ke5 72. h6 Kf6 73. h7 Kg7 74. Nh5+ Kh8 75. Nf6 Ra7 76. Kg2 Rf7 77. Ng4 Rf4 78. Kg3 Kg7 79. Nf2 Rf8 80. Nh3 Kh6 81. Kg4 Re8 82. Nxg5 Kg7 83. Kh5 Re5 84. f4 Ra5 85. Kg4 Ra6 86. Bf5 Rh6 87. Ne6+ Kf6 88. Nd4 Kg7 89. Nf3 Kf6 90. Ng5 Kg7 91. Bd3 Kf6 92. Kf3 Kg7 93. Ke4 Kf6 94. Kd4 Rh4 95. Bc4 Rxf4+ 96. Ne4+ Kg7 97. Bg8 Rxe4+ 98. Kxe4 Kh8 99. Kf5 Kg7 100. Kg4 Kh8 101. Kh5 Kg7 102. Be6 Kxh7 1/2-1/2


[Site "https://www.chess.com"]

[Event "Titled Tuesday Blitz July 05 Late 2022"]
[White "Tari, Aryan"]
[Black "Araujo Sanchez, Josue"]
[WhiteFideId "1510045"]
[BlackFideId "6416896"]
[WhiteElo "2612"]
[BlackElo "2358"]
[Result "1-0"]
[Round "05"]
[TimeControl "180+1"]
[Date "2022.07.05"]
[WhiteClock "0:00:21"]
[BlackClock "0:00:17"]

1. c4 c5 2. g3 g6 3. Bg2 Bg7 4. Nc3 Nf6 5. e3 O-O 6. Nge2 Nc6 7. O-O d6 8. h3 Bd7 9. d4 a6 10. b3 Rb8 11. a4 Qc8 12. Kh2 Nb4 13. a5 Bf5 14. e4 cxd4 15. Nxd4 Bd7 16. Be3 Nc6 17. Nd5 Nxd5 18. exd5 Nxd4 19. Bxd4 Bxd4 20. Qxd4 Qc5 21. Qh4 e5 22. dxe6 fxe6 23. Ra2 Rf7 24. Qe4 Qb4 25. Qe3 Rbf8 26. Rd2 Bc8 27. Rfd1 Qxa5 28. f4 e5 29. Bd5 exf4 30. gxf4 Kg7 31. Bxf7 Rxf7 32. Rxd6 Bf5 33. Qe5+ Qxe5 34. fxe5 Re7 35. Re1 h5 36. c5 Bd7 37. b4 Bc6 38. h4 Rf7 39. Re2 Rf4 40. e6 Rxh4+ 41. Kg3 Rg4+ 42. Kh3 Be8 43. e7 Rxb4 44. Rd8 Kf7 45. Rb8 Bd7+ 46. Kh2 Rh4+ 47. Kg1 Rg4+ 48. Kf2 Rf4+ 49. Ke1 Rf5 50. e8=Q+ Bxe8 51. Rbxe8 Rxc5 52. R8e7+ Kf6 53. Rxb7 Rc1+ 54. Kf2 Rc6 55. Reb2 Kg5 56. R7b6 Rc4 57. Rxa6 Rf4+ 58. Kg2 Rg4+ 59. Kh1 Rh4+ 60. Rh2 Rc4 61. Rg2+ Kh4 62. Raxg6 Kh3 63. Rh2# 1-0


[Site "https://www.chess.com"]

[Event "Titled Tuesday Blitz July 05 Late 2022"]
[White "Vovk, Orest"]
[Black "Samsonkin, Artiom"]
[WhiteFideId "14113490"]
[BlackFideId "13503111"]
[WhiteElo "2203"]
[BlackElo "2513"]
[Result "1/2-1/2"]
[Round "05"]
[TimeControl "180+1"]
[Date "2022.07.05"]
[WhiteClock "0:00:05"]
[BlackClock "0:00:05"]

1. h4 Nf6 2. h5 h6 3. Nc3 e5 4. d4 exd4 5. Qxd4 Nc6 6. Qa4 d5 7. g3 d4 8. Nb5 a6 9. Na3 Be6 10. Bg2 Bd5 11. Bxd5 Qxd5 12. Nf3 O-O-O 13. Qb3 Bxa3 14. Qxa3 Rhe8 15. Bd2 Ne5 16. O-O-O Nc4 17. Qd3 Nxd2 18. Nxd2 Qxa2 19. Rh4 Qa1+ 20. Nb1 b6 21. Qf5+ Kb8 22. Rhxd4 Rxd4 23. Rxd4 Kb7 24. Qf3+ Ka7 25. Qc3 Kb7 26. Qf3+ Ka7 27. Qc6 Kb8 28. Ra4 Re6 29. Qxe6 Qxa4 30. Qxf7 Qe4 31. Nc3 Qh1+ 32. Kd2 Qc6 33. Qxg7 Qd6+ 34. Kc1 Nxh5 35. Qg8+ Ka7 36. Qg4 Nf6 37. Qf3 Nd7 38. Ne4 Qe5 39. Nc3 Qg5+ 40. e3 Qa5 41. Kb1 Nc5 42. Qd5 Kb8 43. Qd8+ Kb7 44. Qd5+ Kb8 45. Qc4 Nb7 46. Qd4 Qg5 47. Qf4 Qg8 48. Qxh6 Qd8 49. Qf4 Qd2 50. Qf8+ Ka7 51. Qf3 Qe1+ 52. Ka2 b5 53. Ne4 Qc1 54. Nc3 Qxc2 55. Qe2 Qf5 56. Qd2 Qe6+ 57. Ka1 b4 58. Nd5 Qd6 59. Qd4+ c5 60. Qd1 Na5 61. e4 Qe5 62. Qa4 Qxe4 63. Qxa5 Qxd5 64. Qc7+ Ka8 65. Qc8+ Ka7 66. Qc7+ Ka8 67. Qc8+ Ka7 68. Qc7+ 1/2-1/2


[Site "https://www.chess.com"]

[Event "Titled Tuesday Blitz July 05 Late 2022"]
[White "Wanyama, Harold"]
[Black "Barria Santos, Jose Guilherme"]
[WhiteFideId "10000380"]
[BlackFideId "1939300"]
[WhiteElo "2229"]
[BlackElo "2263"]
[Result "0-1"]
[Round "05"]
[TimeControl "180+1"]
[Date "2022.07.06"]
[WhiteClock "0:00:10"]
[BlackClock "0:00:07"]

1. d4 Nf6 2. c4 e6 3. Nc3 c5 4. Nf3 cxd4 5. Nxd4 Nc6 6. e3 Nxd4 7. Qxd4 Qc7 8. Be2 Bc5 9. Qh4 Be7 10. O-O b6 11. Rd1 Bb7 12. Qg3 Qxg3 13. hxg3 O-O 14. b3 d5 15. Bf3 Bb4 16. Bb2 Rac8 17. Rac1 Rfd8 18. cxd5 Bxc3 19. Bxc3 Nxd5 20. Bb2 Rxc1 21. Rxc1 Rd7 22. a3 f6 23. Rd1 Bc6 24. b4 Ne7 25. Rc1 Bxf3 26. gxf3 Rd2 27. Rb1 Kf7 28. Kf1 h5 29. Ke1 Rc2 30. e4 h4 31. gxh4 Ng6 32. Bd4 Nxh4 33. Rb3 Rc4 34. Bb2 Rc2 35. Bd4 e5 36. Be3 Nxf3+ 37. Kd1 Ra2 38. Rc3 Nd4 39. Rc7+ Ke6 40. Rxa7 b5 41. Bxd4 exd4 42. f4 g5 43. Ra6+ Ke7 44. f5 g4 45. Ra7+ Kd6 46. Rg7 Ke5 47. Rxg4 Rxa3 48. Kd2 Rb3 49. Rg8 Kxe4 50. Rd8 Rxb4 51. Rd6 Ke5 52. Rb6 Kxf5 53. Kd3 Ke5 54. Rb8 f5 55. Re8+ Kf4 56. Rf8 Kg4 57. Rg8+ Kf3 58. Rf8 f4 59. Rf7 Kg3 60. Ke4 d3+ 61. Kxd3 Rb3+ 62. Ke4 Re3+ 63. Kd4 Rb3 64. Ke4 Rb4+ 65. Kd3 f3 66. Ke3 Rb3+ 67. Kd2 f2 68. Rg7+ Kf3 69. Rf7+ Kg2 70. Rg7+ Kf1 71. Ra7 b4 72. Rg7 Rf3 73. Kc2 b3+ 74. Kb2 Re3 75. Rg6 Ke1 76. Rf6 f1=Q 77. Rxf1+ Kxf1 78. Ka3 Kf2 79. Kb2 Kf3 0-1


[Site "https://www.chess.com"]

[Event "Titled Tuesday Blitz July 05 Late 2022"]
[White "Zhigalko, Sergei"]
[Black "Papp, Levente"]
[WhiteFideId "13502956"]
[BlackFideId "751243"]
[WhiteElo "2662"]
[BlackElo "2308"]
[Result "1-0"]
[Round "05"]
[TimeControl "180+1"]
[Date "2022.07.05"]
[WhiteClock "0:00:03"]
[BlackClock "0:00:01"]

1. e4 g6 2. d4 Bg7 3. Nc3 c6 4. Nf3 d5 5. h3 Nf6 6. Bd3 dxe4 7. Nxe4 O-O 8. O-O Nbd7 9. c3 e5 10. Nxf6+ Bxf6 11. Bh6 Re8 12. Bc4 exd4 13. Qb3 Re7 14. Rfe1 Nc5 15. Qa3 Rxe1+ 16. Rxe1 Ne6 17. cxd4 Bg7 18. Qe3 Bxh6 19. Qxh6 Qf6 20. Ne5 b5 21. Bb3 a5 22. Nxc6 Bd7 23. Ne5 Be8 24. Ng4 Qxd4 25. Qh4 Kg7 26. Qh6+ Kg8 27. Qh4 Kg7 28. Bxe6 fxe6 29. Rxe6 Bf7 30. Re7 h5 31. Rxf7+ Kh8 32. Qf6+ 1-0


[Site "https://www.chess.com"]

[Event "Titled Tuesday Blitz July 05 Late 2022"]
[White "Zlatin, Alexander"]
[Black "Janturin, Artur"]
[WhiteFideId "2810549"]
[BlackFideId "4130022"]
[WhiteElo "2228"]
[BlackElo "2391"]
[Result "0-1"]
[Round "05"]
[TimeControl "180+1"]
[Date "2022.07.06"]
[WhiteClock "0:00:01"]
[BlackClock "0:00:03"]

1. e4 a6 2. d4 b5 3. Bd3 Bb7 4. Nf3 Nf6 5. Bg5 Nxe4 6. Bh4 Nf6 7. O-O e6 8. Nbd2 Be7 9. Ne5 d6 10. Ng4 Nxg4 11. Bxe7 Qxe7 12. Qxg4 Qf6 13. c3 Nd7 14. a4 bxa4 15. Rxa4 O-O 16. Rfa1 Rfb8 17. Nc4 Bd5 18. b4 Bxc4 19. Bxc4 Nb6 20. Rxa6 Rxa6 21. Bxa6 Ra8 22. Qe2 g6 23. h3 Qf4 24. g3 Qf5 25. Kg2 Qd5+ 26. Kh2 Qg5 27. Qd3 Qf6 28. Kg1 h5 29. h4 Kg7 30. Ra5 Nd5 31. Bc4 Nb6 32. Bb5 Qe7 33. Rxa8 Nxa8 34. Bc6 Nb6 35. c4 Qd8 36. d5 e5 37. c5 Nc8 38. Qe4 Ne7 39. Qc4 Qb8 40. f4 f6 41. fxe5 fxe5 42. Kg2 Qg8 43. Kh3 Nxc6 0-1


[Site "https://www.chess.com"]

[Event "Titled Tuesday Blitz July 05 Late 2022"]
[White "Abdrlauf, Elham"]
[Black "Domingo Nunez, Ruben"]
[WhiteFideId "1533533"]
[BlackFideId "22245570"]
[WhiteElo "2429"]
[BlackElo "2373"]
[Result "1-0"]
[Round "06"]
[TimeControl "180+1"]
[Date "2022.07.05"]
[WhiteClock "0:01:25"]
[BlackClock "0:01:49"]

1. e4 Nc6 2. d4 d5 3. e5 Bf5 4. Nf3 f6 5. Bb5 Qd7 6. O-O O-O-O 7. c4 dxc4 8. Nc3 a6 9. Bxc4 Nxd4 10. Nxd4 Qxd4 11. Qb3 Qb6 12. Bxg8 e6 13. Qxb6 cxb6 14. Bf7 g6 15. exf6 Rd7 16. Be8 Rc7 17. Bf4 Rc4 18. Be5 Bc5 19. f7 Rf8 20. Bg7 b5 21. Rac1 Kd8 22. Na4 1-0


[Site "https://www.chess.com"]

[Event "Titled Tuesday Blitz July 05 Late 2022"]
[White "Adewumi, Tanitoluwa"]
[Black "Rosenberg, Evan S"]
[WhiteFideId "30966396"]
[BlackFideId "2019299"]
[WhiteElo "2573"]
[BlackElo "2281"]
[Result "1-0"]
[Round "06"]
[TimeControl "180+1"]
[Date "2022.07.06"]
[WhiteClock "0:00:04"]
[BlackClock "0:00:01"]

1. e4 e6 2. d4 d5 3. Nc3 Bb4 4. e5 c5 5. a3 Bxc3+ 6. bxc3 Ne7 7. Nf3 b6 8. Bb5+ Bd7 9. Bd3 c4 10. Be2 Ba4 11. O-O Na6 12. Nh4 Ng6 13. Nf3 h6 14. g3 Nc7 15. Ne1 Nb5 16. Bd2 Qc7 17. f4 a5 18. h4 Ne7 19. h5 g6 20. Ng2 Nf5 21. hxg6 fxg6 22. Rf3 h5 23. Nh4 Nxh4 24. gxh4 O-O-O 25. Rg3 Rhg8 26. Rg5 Rdf8 27. Kf2 Rf5 28. Ra2 Rxg5 29. hxg5 Rf8 30. Kg3 Qf7 31. Qf1 Qf5 32. Qh3 h4+ 33. Kg2 Bxc2 34. Bg4 Qd3 35. Qxd3 cxd3 36. Bxe6+ Kc7 37. Bxd5 Na7 38. Be4 Nc6 39. Bxg6 b5 40. Rxc2 dxc2 41. Bxc2 Ne7 42. Be4 b4 43. axb4 axb4 44. c4 b3 45. Bc3 Rb8 46. g6 b2 47. Bb1 Nc6 48. d5 Nb4 49. e6 Na6 50. Be5+ Kc8 51. Bxb8 Kxb8 52. g7 Nc5 53. g8=Q+ Kb7 54. Qf8 Na4 55. Qc5 Nxc5 56. Kh3 Nb3 57. Kxh4 Nd2 58. Bc2 Nxc4 59. e7 Nd6 60. f5 Kc7 61. f6 Kd7 62. Kg5 Nf7+ 63. Kg6 Ne5+ 64. Kg7 Ke8 65. Ba4+ Nd7 66. f7+ Kxe7 67. Bxd7 Kxd7 68. f8=Q b1=Q 69. Qf7+ Kd6 70. Qe6+ Kc7 71. Qc6+ Kd8 72. Qd6+ Kc8 73. Kf7 Qh7+ 74. Ke6 Qg6+ 75. Ke5 Qg3+ 76. Ke6 Qg6+ 77. Ke7 Qg7+ 78. Ke8 Qg8+ 79. Ke7 Qg7+ 80. Ke8 Qg8+ 81. Qf8 Qxd5 82. Qg7 1-0


[Site "https://www.chess.com"]

[Event "Titled Tuesday Blitz July 05 Late 2022"]
[White "Araujo Sanchez, Josue"]
[Black "Martin Carmona, Gaston Manuel"]
[WhiteFideId "6416896"]
[BlackFideId "22284567"]
[WhiteElo "2358"]
[BlackElo "2162"]
[Result "0-1"]
[Round "06"]
[TimeControl "180+1"]
[Date "2022.07.05"]
[WhiteClock "0:00:18"]
[BlackClock "0:00:11"]

1. c4 Nf6 2. Nc3 g6 3. d4 Bg7 4. e4 d6 5. Nge2 O-O 6. Ng3 c5 7. d5 a6 8. a4 e6 9. Be2 exd5 10. cxd5 Re8 11. h4 h5 12. Bg5 Qa5 13. O-O Nh7 14. Bf4 Qd8 15. a5 Bf8 16. Na4 Qxh4 17. Nb6 Qxf4 18. Nxa8 h4 19. Nh1 Qxe4 20. Bf3 Qf4 21. Nb6 Bf5 22. Re1 Rd8 23. Ra4 Qg5 24. Qc1 Qf6 25. b4 Nd7 26. Be4 Ng5 27. Bxf5 Qxf5 28. Nxd7 Qxd7 29. Qd1 c4 30. Ra3 Bg7 31. Rae3 Bf6 32. f4 Nh7 33. Nf2 Kg7 34. Ne4 Qf5 35. Rf1 Be7 36. Qd4+ Nf6 37. Nxf6 Bxf6 38. Qxc4 Rc8 39. Qe4 Rc2 40. Rb1 Rd2 41. Qxf5 gxf5 42. Ree1 Bd4+ 43. Kh2 Bf2 44. Re7 Bg3+ 45. Kh1 Rxd5 46. Rxb7 Bxf4 47. b5 axb5 48. a6 Rd2 49. a7 Ra2 50. Rf1 Bg3 51. Rb1 b4 52. R1xb4 Bf2 53. Rb2 Ra1+ 54. Kh2 Rxa7 55. Rxa7 Bxa7 56. Kh3 Bd4 57. Rd2 Be5 58. Kxh4 Kg6 59. Rd3 Kf6 60. Kh5 Bf4 61. Rd1 Be5 62. Kh4 Bf4 63. Rf1 Be5 64. Re1 Bf4 65. Re8 Be5 66. Kh5 Bf4 67. Re2 Be5 68. Kh6 Bf4+ 69. Kh7 Be5 70. Kg8 Ke6 71. Kh7 d5 72. Kh6 d4 73. Kg5 f6+ 74. Kh4 Kd5 75. Kh5 d3 76. Rd2 Ke4 77. Kg6 f4 78. Rd1 Bc3 79. Kh5 d2 80. Kg6 Ke3 81. Kf5 Ke2 82. Rb1 d1=Q 83. Rxd1 Kxd1 84. Kxf4 Bd2+ 85. Kf5 Bg5 86. Kg4 Ke2 87. g3 Kf2 88. Kh3 Kf3 89. Kh2 Be3 90. Kh3 Bf2 91. Kh2 Bxg3+ 92. Kh3 Be5 93. Kh4 f5 94. Kh3 f4 95. Kh2 Ke2 96. Kh1 f3 97. Kg1 f2+ 98. Kg2 f1=Q# 0-1


[Site "https://www.chess.com"]